 Dungeon Crawl Stone Soup version 0.30-a0-46-g5a63ccc183 (webtiles) character file.

Game seed: 8946000535678120005

20230 porpoise the Grappler (level 12, -2/99 HPs)
             Began as a Demonspawn Gladiator on Sept 2, 2022.
             Was a Follower of Yredelemnul.
             Slain by a sea snake (14 damage)
             ... on level 4 of the Lair of Beasts.
             The game lasted 00:56:51 (16910 turns).

porpoise the Grappler (Demonspawn Gladiator)       Turns: 16910, Time: 00:56:52

Health: -2/99      AC: 13    Str: 25    XL:     12   Next: 43%
Magic:  19/19      EV: 14    Int: 10    God:    Yredelemnul [*.....]
Gold:   723        SH:  0    Dex: 21    Spells: 11/11 levels left

rFire   + . .      SeeInvis .      - Unarmed
rCold   + . .      Faith    .    (no shield)
rNeg    + . .      Spirit   .    Q - +2 ring mail {rN+}
rPois   +          Reflect  .    h - +1 hat
rElec   +          Harm     .    M - +2 cloak
rCorr   +          Rampage  .    (gloves unavailable)
Will    .....                    a - +0 pair of boots
Stlth   +.........               (no amulet)
HPRegen 0.26/turn                l - +6 ring of strength
MPRegen 0.16/turn                t - +6 ring of dexterity

@: resistant, slowed, invisible, very slow
A: antennae 1, claws 3, powered by pain 2, weakness stinger 1
a: Renounce Religion, Recall Undead Harvest


You were on level 4 of the Lair of Beasts.
You worshipped Yredelemnul.
Yredelemnul was aware of your devotion.
You visited 3 branches of the dungeon, and saw 15 of its levels.

You collected 771 gold pieces.
You spent 48 gold pieces at shops.

Inventory:

Hand Weapons
 b - a +0 sling
 p - a +1 trident
Missiles
 d - a throwing net (quivered)
Armour
 a - a +0 pair of boots (worn)
 h - a +1 hat (worn)
 M - a +2 cloak (worn)
 Q - a +2 ring mail of positive energy (worn)
Magical Staves
 f - a staff of cold
Jewellery
 c - a ring of flight
 i - a ring of ice
 l - a +6 ring of strength (left claw)
 t - a +6 ring of dexterity (right claw)
 u - a ring of ice
Wands
 o - a wand of quicksilver (7)
 r - a wand of iceblast (7)
 H - a wand of polymorph (18)
 N - a wand of flame (15)
 P - a wand of digging (8)
Scrolls
 e - a scroll of butterflies {unknown}
 g - a scroll of enchant weapon
 j - 6 scrolls of magic mapping
 k - 5 scrolls of teleportation
 n - a scroll of torment {unknown}
 q - 4 scrolls of fear
 K - a scroll of silence
 R - a scroll of poison
Potions
 s - a potion of curing
 v - 5 potions of attraction
 B - a potion of resistance
 G - a potion of might
 I - 2 potions of lignification
 L - a potion of haste
Miscellaneous
 E - a phantom mirror (inert)
 O - a tin of tremorstones (1/2)


   Skills:
 + Level 10.6 Fighting
 - Level 6.0 Polearms
 - Level 1.7 Throwing
 - Level 5.0 Armour
 - Level 5.0 Dodging
 + Level 11.5 Unarmed Combat
 + Level 10.2 Invocations
 - Level 5.0 Evocations


You had 11 spell levels left.
You didn't know any spells.
Your spell library contained the following spells:

 Spells                   Type           Power      Damage    Failure   Level
 Apportation              Tloc           0%         N/A       50%         1
 Necrotise                Necr           0%         1d4       50%         1
 Summon Small Mammal      Summ           0%         N/A       50%         1
 Conjure Flame            Conj/Fire      0%         6-21      86%         3
 Ignite Poison            Fire/Tmut/Pois 0%         N/A       86%         3
 Mephitic Cloud           Conj/Pois/Air  0%         N/A       86%         3
 Sticky Flame             Conj/Fire      0%         2d3       99%         4
 Freezing Cloud           Conj/Ice/Air   0%         6-21      100%        5


Dungeon Overview and Level Annotations

Branches:
Dungeon (10/15)            Temple (1/1) D:4            Lair (3/5) D:10
 Shoals (0/4) Lair:2        Snake (0/4) Lair:3
    Orc: D:9-12

Altars:
Ashenzari
Cheibriados
Dithmenos
Fedhas
Gozag
Hepliaklqana
Kikubaaqudgha
Makhleb
Nemelex Xobeh
Okawaru
Qazlal
Ru
Sif Muna
Trog
Uskayaw
Vehumet
Wu Jian
Xom
Yredelemnul

Shops:
D:1 (   D:3 :   D:7 =[   D:8 *   D:9 :

Annotations:
D:9 1 runed translucent door - GREAT LUTE


Innate Abilities, Weirdness & Mutations

You have a pair of small antennae on your head.
You have claws for hands.
You sometimes gain power by taking damage.
You have a small tail.


Message History

The large slime creature is lightly wounded.
Your yak zombie gores the large slime creature!
You mangle the large slime creature!!
The large slime creature is heavily wounded.
The large slime creature hits you!!
* * * LOW HITPOINT WARNING * * *
Two slime creatures merge to form a very large slime creature.
Your yak zombie barely misses the very large slime creature.
Okay, then.
Throw: 2 throwing nets
Press: ? - help, Q - select action, (/) - cycle Shift-Dir - straight line, f - very large slime creature
Aim: a very large slime creature (moderately wounded, 85% to hit)
You throw a throwing net.
The throwing net hits the very large slime creature.
The very large slime creature is caught in the net!
The very large slime creature is moderately wounded.
The very large slime creature struggles against the net.
The very large slime creature struggles against the net.
Your yak zombie gores the very large slime creature!
The very large slime creature struggles against the net.
Your yak zombie gores the very large slime creature!
Aiming: Polymorph
Press: ? - help, Shift-Dir - straight line, f/p - very large slime creature
Aim: a very large slime creature (moderately wounded, entangled in a net, ally target, will probably split, will become a sea snake, a merfolk, or a torpor snail, chance to affect: 44%)
A very large slime creature splits.
The slime creature evaporates and reforms as a sea snake!
The large slime creature evaporates and reforms as a torpor snail!
You feel protected.
Your yak zombie gores the torpor snail.
The torpor snail struggles against the net.
Being near the torpor snail leaves you feeling lethargic.
You fade into invisibility!
The sea snake bites you!
* * * LOW HITPOINT WARNING * * *
The sea snake closely misses you.
Your yak zombie gores the torpor snail!
The torpor snail struggles against the net.
The net rips apart, and the torpor snail comes free!
The sea snake bites you!
You die...
Your body rises from the dead as a mindless zombie.

##### ###### ##
####P..#########P.#P#..#
........................
+##.#............[...###
..###..........S@.....P#
.###............P##...##
..##P......##....# #.#
...##.....##....P#.
..##.....ZZwP.....#
#.###....<###........
### #.....# #..###...
#.....# #..# ...#
........ #..# ..#


You could see a sea snake (unable to see you), a torpor snail (unable to see
you, ally target) and a friendly yak zombie (slow).

Vanquished Creatures
  Snorg (D:10)
  Fannar (Lair:2)
  A hydra (Lair:1)
  A two-headed ogre (D:8)
  A black mamba (Lair:2)
  8 elephants
  3 komodo dragons
  3 cane toads
  A rime drake (Lair:2)
  4 kobold demonologists
  A troll (D:10)
  Grinder (D:3)
  2 hornets
  3 wyverns
  17 yaks
  A steam dragon (D:10)
  3 vampire mosquitoes (D:10)
  2 basilisks
  2 wargs (D:10)
  2 nagas
  4 water moccasins
  2 orc warriors
  3 ice beasts
  2 black bears (D:6)
  An ogre (D:6)
  5 wolves
  5 centaurs
  3 phantoms
  5 kobold brigands
  5 bullfrogs
  A necrophage (D:8)
  A scorpion (D:6)
  5 wights (D:9)
  3 killer bees
  3 howler monkeys
  A kobold zombie (D:10)
  A hound (D:5)
  4 orc priests
  3 hell rats (Lair:1)
  6 iguanas
  Natasha (thrice) (D:2)
  9 orc wizards
  6 adders
  11 gnolls
  A shadow imp (D:6)
  An ufetubus (D:6)
  5 dart slugs
  23 orcs
  3 ball pythons
  6 endoplasms
  3 giant cockroaches
  5 goblins
  5 hobgoblins
  8 jackals
  22 kobolds
  5 quokkas
  7 bats
  6 frilled lizards
  9 rats
259 creatures vanquished.

Vanquished Creatures (collateral kills)
  A cane toad (Lair:1)
  A black mamba (Lair:3)
  Maggie (D:8)
  A hornet (D:9)
  2 yaks
  A basilisk (Lair:1)
  A warg (D:10)
  2 water moccasins
  3 wolves
  A bullfrog (Lair:2)
  A scorpion (D:5)
  3 killer bees
  A howler monkey (D:7)
  A hound (D:5)
  An orc priest (D:10)
  A jelly (Lair:4)
  4 hell rats (Lair:1)
  A gnoll (D:6)
  A shadow imp (D:7)
  5 orcs
  6 kobolds
39 creatures vanquished.

Vanquished Creatures (others)
  3 cane toad zombies
  2 elephant zombies (Lair:1)
  A vampire mosquito zombie (D:10)
  A wyvern zombie (D:10)
  5 yak zombies (D:10)
  A warg zombie (D:10)
  A troll zombie (D:10)
  A wolf zombie (Lair:1)
  A centaur zombie (D:7)
  2 bullfrog zombies
  2 basilisk zombies
  An ice beast zombie (D:6)
  3 hell rat zombies (Lair:1)
  A dart slug zombie (D:5)
  2 gnoll zombies (D:5)
  5 kobold zombies
  7 orc zombies
  16 fungi
  29 plants
84 creatures vanquished.

Grand Total: 382 creatures vanquished

Notes
Turn   | Place    | Note
-------+----------+-------------------------------------------
     0 | D:1      | porpoise the Demonspawn Gladiator began the quest for the
                  | Orb.
     0 | D:1      | Reached XP level 1. HP: 16/16 MP: 1/1
    61 | D:1      | Found Soconar's Weapon Shoppe.
    73 | D:1      | Discovered your monstrous ancestry.
    73 | D:1      | Gained mutation: You have a small tail. [demonic ancestry]
    73 | D:1      | Reached XP level 2. HP: 16/23 MP: 2/2
   561 | D:1      | Reached XP level 3. HP: 28/28 MP: 3/3
  1226 | D:2      | Identified the +9 mace of Contention {protect, *Slow Will++
                  | rCorr Dex-5}
  1245 | D:2      | Found a shimmering altar of Xom.
  1275 | D:2      | Noticed Natasha
  1281 | D:2      | Killed Natasha
  1282 | D:2      | Gained mutation: You have sharp fingernails. [demonic
                  | ancestry]
  1282 | D:2      | Reached XP level 4. HP: 29/35 MP: 4/4
  1484 | D:2      | Noticed Natasha
  1496 | D:2      | Killed Natasha
  1780 | D:2      | Noticed Natasha
  1788 | D:2      | Killed Natasha
  1789 | D:2      | Reached skill level 1 in Unarmed Combat
  1789 | D:2      | Gained mutation: You sometimes gain a little power by
                  | taking damage. [demonic ancestry]
  1789 | D:2      | Reached XP level 5. HP: 42/42 MP: 5/5
  2039 | D:3      | Found Gaynimeg's Book Shoppe.
  2142 | D:3      | Noticed Grinder
  2187 | D:3      | Paralysed by Grinder for 4 turns
  2192 | D:3      | Killed Grinder
  2193 | D:3      | Reached skill level 2 in Unarmed Combat
  2193 | D:3      | Gained mutation: You have very sharp fingernails. [demonic
                  | ancestry]
  2193 | D:3      | Reached XP level 6. HP: 35/49 MP: 6/6
  2776 | D:3      | Found a faded altar of an unknown god.
  3479 | D:4      | Found a staircase to the Ecumenical Temple.
  3512 | Temple   | Entered the Ecumenical Temple
  3594 | Temple   | Became a worshipper of Yredelemnul the Dark
  4204 | D:5      | Entered Level 5 of the Dungeon
  4242 | D:5      | Gained mutation: You sometimes gain power by taking damage.
                  | [demonic ancestry]
  4242 | D:5      | Reached XP level 7. HP: 48/55 MP: 7/7
  4304 | D:5      | Reached * piety under Yredelemnul
  4305 | D:5      | Reached skill level 5 in Fighting
  4305 | D:5      | Reached skill level 5 in Polearms
  4305 | D:5      | Reached skill level 3 in Unarmed Combat
  4668 | D:5      | Reached ** piety under Yredelemnul
  4922 | D:5      | Reached skill level 4 in Unarmed Combat
  5093 | D:5      | Reached *** piety under Yredelemnul
  5130 | D:6      | Reached XP level 8. HP: 63/64 MP: 8/8
  5426 | D:6      | Reached skill level 1 in Armour
  5707 | D:6      | Reached skill level 5 in Unarmed Combat
  6499 | D:7      | Found Rehaun's Jewellery Emporium.
  6846 | D:7      | Reached XP level 9. HP: 59/72 MP: 9/9
  7023 | D:7      | Found a shimmering blue altar of Sif Muna.
  7055 | D:7      | Reached skill level 6 in Unarmed Combat
  7541 | D:7      | Found Ehis's Antique Armour Shop.
  7560 | D:7      | Reached skill level 1 in Invocations
  8232 | D:8      | Reached skill level 5 in Armour
  8283 | D:8      | Noticed a kobold demonologist
  8284 | D:8      | Noticed an orange demon
  8286 | D:8      | Noticed a hellwing
  8292 | D:8      | Noticed a soul eater
  8298 | D:8      | Killed a kobold demonologist
  8299 | D:8      | Reached skill level 7 in Unarmed Combat
  8861 | D:8      | Reached skill level 5 in Invocations
  8885 | D:8      | Found Wonwiuc's Changing Room.
  8893 | D:8      | Bought a potion of lignification for 48 gold pieces
  8899 | D:8      | Noticed a two-headed ogre
  8909 | D:8      | Killed a two-headed ogre
  8910 | D:8      | Reached skill level 1 in Evocations
  8910 | D:8      | Gained mutation: You have a pair of small antennae on your
                  | head. [demonic ancestry]
  8910 | D:8      | Reached XP level 10. HP: 69/79 MP: 13/13
  9085 | D:8      | Noticed Maggie
  9099 | D:8      | Killed Maggie
  9100 | D:8      | Reached skill level 8 in Unarmed Combat
  9576 | D:8      | Found a snail-covered altar of Cheibriados.
  9993 | D:9      | Found Pata's Book Boutique.
 10100 | D:9      | Noticed an ogre mage
 10100 | D:9      | Noticed a manticore
 10100 | D:9      | Found the +4 Cigotuvi's embrace {rMiasma Drain rN+}
 10101 | D:9      | Found a runed translucent door.
 10103 | D:9      | Noticed a tengu warrior
 10103 | D:9      | Noticed a manticore
 10103 | D:9      | Noticed a wolf spider
 10718 | D:9      | Noticed a radroach
 10718 | D:9      | Noticed a spark wasp
 10718 | D:9      | a radroach changed into a spark wasp
 10734 | D:10     | Entered Level 10 of the Dungeon
 10938 | D:10     | Reached skill level 5 in Dodging
 11070 | D:10     | Reached **** piety under Yredelemnul
 11073 | D:10     | Reached skill level 9 in Unarmed Combat
 11083 | D:10     | Reached ***** piety under Yredelemnul
 11084 | D:10     | Reached skill level 5 in Evocations
 11124 | D:10     | Gained mutation: You have claws for hands. [demonic
                  | ancestry]
 11124 | D:10     | Reached XP level 11. HP: 10/85 MP: 14/14
 11466 | D:10     | Noticed Snorg
 11482 | D:10     | Killed Snorg
 11899 | D:10     | Found a sacrificial altar of Ru.
 11985 | D:10     | Found a staircase to the Lair.
 12360 | Lair:1   | Entered Level 1 of the Lair of Beasts
 12370 | Lair:1   | Reached skill level 10 in Unarmed Combat
 12961 | Lair:1   | Noticed a four-headed hydra
 12966 | Lair:1   | Killed a four-headed hydra
 14120 | Lair:1   | Reached XP level 12. HP: 97/97 MP: 18/18
 14693 | Lair:2   | Reached skill level 10 in Fighting
 14695 | Lair:2   | Reached skill level 11 in Unarmed Combat
 15102 | Lair:2   | Noticed Fannar
 15109 | Lair:2   | Killed Fannar
 15807 | Lair:2   | Found a staircase to the Shoals.
 16071 | Lair:3   | Found a staircase to the Snake Pit.
 16661 | Lair:3   | Reached skill level 10 in Invocations
 16807 | Lair:3   | You fall into a shaft and drop 1 floor!
 16910 | Lair:4   | Slain by a sea snake

Illustrated notes

Levels and vault maps discovered:
D:1:      zelgadis_glass_arrival_small, layout_basic, serial_shops,
          nicolae_shop_competitors_out_of_business, nrook_loot_triangle,
          nrook_uturn
D:2:      layout_rooms, basic_altar, uniq_natasha
D:3:      layout_loops_ring, serial_shops, shop, serial_rivers,
          chequers_serial_rivers_marsh, chequers_serial_rivers_large_b,
          chequers_serial_rivers_small_3, chequers_serial_rivers_room_b,
          chequers_serial_rivers_micro_e, dreamdust_ecumenical_altar_grove,
          hangedman_decor_push, uniq_grinder
D:4:      layout_loops_corners, minmay_temple_entry_glassed_door,
          nicolae_elevator_lobby_asterisk
D:5:      layout_rooms
D:6:      layout_basic
D:7:      layout_cave_pods, mainiacjoe_overflow_alcove_1, serial_shops, shop,
          nicolae_shop_overgrown_old_shop, chequers_serial_rivers_room_a
D:8:      layout_basic, kennysheep_mini_moat, roderic_malta_cross,
          amethyst_killhole, kennysheep_cross_bottleneck,
          minmay_misc_feat_alley, nicolae_transmutations_shop, uniq_maggie
D:9:      minmay_gate_of_8, layout_gridville, serial_shops, shop_fountains,
          supply_closet_lemuel, kennysheep_cluttered_room,
          kb_lookout_dungeons_type
D:10:     layout_basic, nicolae_ru_path_of_blood, erik_lair_orcish_takeover,
          uniq_snorg
Temple:   compressed_dpeg_triangle_lava_temple
Lair:1:   layout_small_grid, basic_altar, grunt_megastairs_4
Lair:2:   layout_hall_layers, elwin_shoals_entry_rooms, lemuel_fruit_fields,
          uniq_fannar
Lair:3:   layout_hall_layers, guppyfry_snake_entry_garden,
          infiniplex_staircase_pool_2, uniq_nessos
Lair:4:   layout_regular_city, minmay_slime_entry_pillars, grunt_megastairs_3

Skill      XL: |  1  2  3  4  5  6  7  8  9 10 11 12 |
---------------+-------------------------------------+-----
Polearms       | 3 4 5 6 |  6.0
Fighting       | 3 4 6 7 9 10 | 10.6
Unarmed Combat | 1 2 4 5 7 9 10 11 | 11.5
Armour         | 3 5 |  5.0
Invocations    | 5 8 10 | 10.2
Dodging        | 3 5 |  5.0
Evocations     | 1 5 |  5.0
Throwing       | |  1.7

Action                   |  1- 3 |  4- 6 |  7- 9 | 10-12 || total
-------------------------+-------+-------+-------+-------++-------
Melee: Trident           |    98 |   157 |    89 |       ||   344
       Tailslap          |    11 |    14 |    38 |    50 ||   113
       Mace              |     4 |    14 |       |     2 ||    20
       Punch             |       |     2 |     8 |    20 ||    30
       Unarmed           |       |       |   173 |   323 ||   496
 Fire: Sling             |       |       |     3 |    25 ||    28
Throw: Boomerang         |       |     4 |       |       ||     4
       Throwing net      |       |     3 |       |     1 ||     4
       Javelin           |       |     1 |       |       ||     1
Invok: Recall Undead Har |       |       |     1 |     1 ||     2
       Dark Bargain      |       |       |     1 |     1 ||     2
Evoke: Wand              |       |       |     4 |    18 ||    22
       Tin of tremorston |       |       |       |     2 ||     2
       Phantom mirror    |       |       |       |     1 ||     1
  Use: Scroll            |       |     8 |     9 |     5 ||    22
       Potion            |       |       |     3 |    10 ||    13
 Stab: Distracted        |       |       |     3 |     7 ||    10
Armor: Scale mail        |     3 |       |       |       ||     3
       Skin              |     1 |       |       |       ||     1
       Ring mail         |    23 |    54 |   144 |   146 ||   367
Dodge: Dodged            |    52 |    64 |   231 |   198 ||   545

Table legend: (Time is in decaauts)
 A = Elapsed time spent in this place.
 B = Non-inter-level travel time spent in this place.
 C = Inter-level travel time spent in this place.
 D = Time resting spent in this place.
 E = Time spent auto-exploring this place.
 F = Levels seen in this place.
 G = Mean time per level.
                   A        B        C        D        E       F      G
               +--------+--------+--------+--------+--------+-----+--------+
         Total |  18080 |  17578 |    502 |   5506 |   9690 |  15 | 1205.3 |
       Dungeon |  13686 |  13336 |    350 |   4073 |   7475 |  10 | 1368.6 |
        Temple |     95 |     82 |     13 |      0 |     65 |   1 |   95.0 |
          Lair |   4297 |   4158 |    139 |   1433 |   2149 |   4 | 1074.2 |
               +--------+--------+--------+--------+--------+-----+--------+

Top non-repeatable levels by time:
    D:10: 2240 daAuts
     D:8: 2084 daAuts
  Lair:1: 2040 daAuts
     D:7: 1753 daAuts
  Lair:2: 1737 daAuts
     D:6: 1542 daAuts
     D:1: 1183 daAuts
     D:3: 1150 daAuts
     D:4: 1109 daAuts
     D:9: 989 daAuts
     D:5: 893 daAuts
     D:2: 738 daAuts
  Lair:3: 421 daAuts
  Lair:4: 97 daAuts
  Temple: 95 daAuts
